 Dungeon Crawl Stone Soup version 0.17-a0-1701-gf693a3f (webtiles) character file.

3509 Alipheese the Cleaver (level 10, -7/84 HPs)
             Began as a Naga Fighter on Aug 21, 2015.
             Was a Priest of Cheibriados.
             Mangled by emiel's ghost (13 damage)
             ... on level 8 of the Dungeon.
             The game lasted 00:22:08 (8239 turns).

Alipheese the Cleaver (Naga Fighter)                Turns: 8239, Time: 00:22:08

Health: -7/84      AC:  7    Str: 26    XL:     10   Next: 7%
Magic:  0/14       EV:  8    Int: 18    God:    Cheibriados [***...]
Gold:   410        SH: 11    Dex: 18    Spells: 1 memorised, 3 levels left

rFire  + . .     SeeInvis +     v - +4 war axe (chop)
rCold  . . .     Clarity  +     i - +1 robe {rF+}
rNeg   . . .     SustAt   .     c - +0 shield
rPois  +         Gourm    .     o - +1 helmet
rElec  .         Spirit   +     (no cloak)
rCorr  .         Warding  .     (no gloves)
rMut   .         Stasis   .     (no barding)
MR     +....                    t - amulet of guardian spirit
Stlth  ++........               (no ring)
                                (no ring)

@: flying, very slightly contaminated, hasted, very slow, somewhat resistant to
hostile enchantments, unstealthy
A: see invisible, clarity, deformed body, poison resistance, slowness 2, slow
metabolism 1, spit poison 2, AC +3
a: Spit Poison, Bend Time, Temporal Distortion, Renounce Religion


You were on level 8 of the Dungeon.
You worshipped Cheibriados.
Cheibriados was most pleased with you.
You were not hungry.

You visited 2 branches of the dungeon, and saw 9 of its levels.

You collected 410 gold pieces.

Inventory:

Hand weapons
 s - a +0 blowgun
 v - a +4 war axe of chopping (weapon)
Missiles
 a - 15 poisoned needles
 j - 273 stones (quivered)
Armour
 b - a +0 scale mail
 c - a +0 shield (worn)
 i - a +1 robe of fire resistance (worn)
 o - a +1 helmet (worn)
Jewellery
 t - an amulet of guardian spirit (around neck)
Magical devices
 x - a wand of polymorph (24)
 E - a wand of fireball (3)
Scrolls
 d - 2 scrolls of identify
 g - 2 scrolls of noise
 k - a scroll of remove curse
 m - 3 scrolls of amnesia
 y - a scroll of recharging
 F - a scroll of fear
Potions
 f - 3 potions of curing
 p - a potion of cure mutation {!q}
 w - 3 potions of brilliance
 D - a potion of cancellation
Books
 G - a book of the Sky

   Spells                             Type                      Level
   a - Summon Lightning Spire         Summoning/Air                4
   b - Airstrike                      Air                          4
   c - Silence                        Hexes/Air                    5
   d - Deflect Missiles               Charms/Air                   6
   e - Conjure Ball Lightning         Conjuration/Air              6
   f - Tornado                        Air                          9
Comestibles
 e - 3 bread rations
 h - 3 meat rations
 l - 3 slices of pizza
 n - 5 fruits
 r - a royal jelly
 B - a beef jerky
 H - a chunk of flesh


   Skills:
 - Level 3.0 Fighting
 - Level 10.8 Axes
 - Level 2.4 Armour
 + Level 6.4 Shields
 + Level 6.1 Invocations


You had 3 spell levels left.
You knew the following spells:

 Your Spells              Type           Power        Failure   Level  Hunger
a - Deflect Missiles      Chrm/Air       #.........   100%        6    #######


Dungeon Overview and Level Annotations

Branches:
Dungeon (8/15)             Temple (1/1) D:5
   Lair: D:8-11

Altars:
Ashenzari
Cheibriados
Elyvilon
Fedhas
Gozag
Makhleb
Nemelex Xobeh
Okawaru
Qazlal
Ru
Sif Muna
Trog
Vehumet
Xom
Yredelemnul
Zin
The Shining One

Annotations:
D:6 Nanako's ghost, experienced TrMo
D:8 emiel's ghost, experienced OgFi


Innate Abilities, Weirdness & Mutations

You cannot wear boots.
Your serpentine skin is tough (AC +3).
You have supernaturally acute eyesight.
Armour fits poorly on your strangely shaped body.
Your system is resistant to poisons.
You cover ground very slowly.
You have a slow metabolism.
You can spit poison.
You possess an exceptional clarity of mind.


Message History

You feel fantastic!
Drink which item? (? for menu, Esc to quit)
It was a potion of flight.
You feel very buoyant.
You fly up into the air.
Drink which item? (? for menu, Esc to quit)
It was a potion of haste.
You feel yourself speed up.
Cheibriados forgives your accidental hurry, just this once.
You hit emiel's ghost.
Emiel's ghost is lightly damaged.
Unknown command.
You slash emiel's ghost!
Emiel's ghost is lightly damaged.
Emiel's ghost hits you.
* * * LOW HITPOINT WARNING * * *
Unknown command.
You slash emiel's ghost!
Emiel's ghost is moderately damaged.
Emiel's ghost hits you!
You die...

#...
#..)......................#
'..
'.......++................#
#.
#.......##................#
#
#.......++................#
#.......##................#
#.............<...........#
#..............).....######
####...#....##..<....+
........W@..........######
#############..>..........
#.......###### #.........#
#....)....# #.........#
.....###.....# ####.
#...<.# # #.....#


You could see emiel's ghost.

Vanquished Creatures
  Pikel (D:7)
  A hungry ghost (D:7)
  Duvessa (D:5)
  An ice beast (D:7)
  A black bear (D:7)
  A sky beast (D:5)
  2 phantoms
  3 slaves (D:7)
  2 orc warriors
  5 ogres
  2 centaurs
  A necrophage (D:6)
  A wyvern zombie (D:7)
  Dowan (D:5)
  A gnoll sergeant (D:8)
  5 scorpions
  3 wights
  A crimson imp (D:7)
  2 orc priests
  5 hounds
  A jelly (D:5)
  Ijyb (D:2)
  A giant frog skeleton (D:4)
  Natasha (D:2)
  3 orc wizards
  4 worker ants
  2 killer bee zombies (D:7)
  3 hound skeletons
  Robin (D:2)
  12 gnolls
  11 adders
  2 shadow imps
  2 oozes
  An adder skeleton (D:7)
  4 worms
  A giant gecko (D:7)
  23 orcs
  8 bats
  6 giant cockroaches
  13 goblins
  6 hobgoblins
  15 jackals
  5 quokkas
  5 giant newts
  11 kobolds
  8 rats
190 creatures vanquished.

Vanquished Creatures (others)
  4 orcs
  A jackal (D:3)
  A quokka (D:3)
  A jackal skeleton (D:7)
  A rat (D:3)
  A plant (D:6)
9 creatures vanquished.

Grand Total: 199 creatures vanquished

Notes
Turn   | Place    | Note
--------------------------------------------------------------
     0 | D:1      | Alipheese the Naga Fighter began the quest for the Orb.
     0 | D:1      | Reached XP level 1. HP: 21/21 MP: 1/1
   536 | D:1      | Reached XP level 2. HP: 22/28 MP: 2/2
   947 | D:1      | Reached XP level 3. HP: 30/34 MP: 3/3
  1347 | D:2      | Found a bloodstained altar of Trog.
  1454 | D:2      | Noticed Robin
  1466 | D:2      | Reached skill level 4 in Axes
  1468 | D:2      | Killed Robin
  1468 | D:2      | Reached XP level 4. HP: 29/42 MP: 4/4
  1739 | D:2      | Noticed Ijyb
  1765 | D:2      | Killed Ijyb
  2006 | D:2      | Noticed Natasha
  2013 | D:2      | Killed Natasha
  2013 | D:2      | Reached skill level 5 in Axes
  2013 | D:2      | Reached XP level 5. HP: 36/49 MP: 3/5
  2073 | D:3      | Found a shimmering altar of Xom.
  2074 | D:3      | Found a shimmering altar of Xom.
  2330 | D:3      | Found a shimmering altar of Xom.
  2344 | D:3      | Found a shimmering altar of Xom.
  2635 | D:3      | Found a shimmering altar of Xom.
  2639 | D:3      | Found a white marble altar of Elyvilon.
  2645 | D:3      | Found a basalt altar of Yredelemnul.
  2697 | D:3      | Found a shimmering altar of Xom.
  2733 | D:3      | Reached skill level 6 in Axes
  2734 | D:3      | Reached XP level 6. HP: 42/56 MP: 4/6
  3325 | D:4      | Reached skill level 7 in Axes
  3344 | D:4      | Reached XP level 7. HP: 7/62 MP: 0/7
  3659 | D:4      | Reached skill level 8 in Axes
  4138 | D:4      | HP: 6/62 [orc wizard/magic dart (7)]
  4139 | D:4      | HP: 1/62 [orc priest/flail (5)]
  4144 | D:4      | Reached skill level 9 in Axes
  4144 | D:4      | Reached XP level 8. HP: 10/69 MP: 1/8
  4734 | D:5      | Entered Level 5 of the Dungeon
  4745 | D:5      | Found a staircase to the Ecumenical Temple.
  4750 | D:5      | Noticed Duvessa
  4750 | D:5      | Noticed Dowan
  4759 | D:5      | Killed Duvessa
  4766 | D:5      | Killed Dowan
  5033 | Temple   | Entered the Ecumenical Temple
  5204 | Temple   | Became a worshipper of Cheibriados the Contemplative
  5341 | D:5      | Found a burning altar of Makhleb.
  5348 | D:5      | Reached skill level 10 in Axes
  5351 | D:5      | Found a sacrificial altar of Ru.
  5648 | D:5      | Acquired Cheibriados's first power
  5848 | D:6      | Reached XP level 9. HP: 28/75 MP: 3/9
  6095 | D:6      | Got a warped long sword
  6097 | D:6      | Identified the +6 long sword of Action {vamp, +Inv rN+ MR+ Str-3} (You found it on level 6 of the Dungeon)
  6126 | D:6      | Reached skill level 1 in Invocations
  6200 | D:6      | Noticed Nanako's ghost (experienced TrMo)
  6863 | D:7      | HP: 6/75 [orc priest/dagger (2)]
  7258 | D:7      | Reached skill level 5 in Shields
  7384 | D:7      | Learned a level 6 spell: Deflect Missiles
  7656 | D:7      | Noticed Pikel
  7689 | D:7      | Killed Pikel
  7689 | D:7      | Reached skill level 5 in Invocations
  8033 | D:7      | Found a blossoming altar of Fedhas.
  8108 | D:7      | Reached XP level 10. HP: 79/84 MP: 12/14
  8131 | D:8      | Acquired Cheibriados's second power
  8229 | D:8      | Noticed emiel's ghost (experienced OgFi)
  8230 | D:8      | HP: 5/84 [emiel's ghost (30)]
  8232 | D:8      | Gained mutation: You possess an exceptional clarity of mind. [potion of beneficial mutation]
  8238 | D:8      | HP: 6/84 [emiel's ghost (1)]
  8239 | D:8      | Mangled by emiel's ghost

Vault maps used:
D:1:      matt_arrival_spirals, serial_bayou, serial_bayou_ford_a,
          serial_bayou_pond_a, serial_bayou_shore_b, serial_bayou_pond_e
D:2:      old_standard_altar, first_bread, uniq_robin, uniq_natasha, uniq_iyjb
D:3:      xom_redecorated, overflow_temple_1_default, elyvilon_altar_4,
          grunt_decor_clamped
D:4:      kennysheep_generic_room_14
D:5:      grunt_temple_overflow_open, minmay_temple_entry_glass, uniq_duvessa
D:6:      nicolae_dithmenos_through_a_glass_darkly, kiku_gazebo_garden_becter,
          hangedman_abyss_or_decor_passed, minmay_misc_feat_alley,
          kennysheep_generic_room_15
D:7:      kennysheep_little_box, lemuel_old_faithful, uniq_pikel
D:8:      minmay_opposing_rooms
Temple:   roderic_octagonal_lattice_temple

Action                   |  1- 3 |  4- 6 |  7- 9 | 10-12 || total
-------------------------+-------+-------+-------+-------++-------
Melee: War axe           |    81 |   156 |   262 |    21 ||   520
 Fire: Blowgun           |       |       |     6 |     5 ||    11
 Abil: Spit Poison       |    12 |    16 |    33 |     2 ||    63
Evoke: Wand              |       |       |       |     1 ||     1
  Use: Scroll            |       |     6 |     9 |     1 ||    16
       Potion            |       |     3 |     4 |     4 ||    11
 Stab: Sleeping          |       |       |     2 |       ||     2
  Eat: Chunk             |     2 |     6 |    10 |       ||    18
       Fruit             |       |       |     1 |       ||     1
       Bread ration      |       |       |     1 |       ||     1
